 Dungeon Crawl Stone Soup version 0.29.1-2-gbd0b4ee654 (webtiles) character file.

Game seed: 7546021123269249895

50 DildoBatman the Conjurer (level 4, -1/30 HPs)
             Began as a Formicid Conjurer on Nov 15, 2022.
             Slain by a kobold
             ... wielding a +0 club
              (4 damage)
             ... on level 1 of the Dungeon.
             The game lasted 00:03:23 (922 turns).

DildoBatman the Conjurer (Formicid Conjurer)         Turns: 922, Time: 00:03:23

Health: -1/30      AC: 10    Str: 12    XL:     4   Next: 4%
Magic:  7/7        EV: 12    Int: 17    God:
Gold:   53         SH:  0    Dex: 14    Spells: 4/7 levels left

rFire   x x .      SeeInvis +   n - +0 mace
rCold   x x .      Faith    .   (no shield)
rNeg    . . .      Spirit   .   a - +0 robe
rPois   +          Reflect  .   (helmet unavailable)
rElec   .          Harm     .   (no cloak)
rCorr   .          Rampage  .   (no gloves)
Will    .....                   (no boots)
Stlth   ++........              e - amulet of Elemental Vulnerability {rPois rF-- rC-- AC+8}
HPRegen 0.10/turn               (no ring)
MPRegen 0.10/turn               (no ring)

@: no status effects
A: permanent stasis, dig shafts and tunnels, antennae 3, four strong arms
a: Dig, Shaft Self


You were on level 1 of the Dungeon.
You visited 1 branch of the dungeon, and saw 2 of its levels.

You collected 53 gold pieces.

Inventory:

Hand Weapons
 c - a +0 dagger
 j - a +0 spear
 n - a +0 mace (weapon)
 q - a +0 rapier
Missiles
 r - 5 stones
Armour
 a - a +0 robe (worn)
Jewellery
 e - the amulet of Elemental Vulnerability (around neck) {rPois rF-- rC-- AC+8}
   (You found it on level 2 of the Dungeon)

   [amulet of nothing]

   AC:        It affects your AC (+8).
   rF:        It makes you very vulnerable to fire.
   rC:        It makes you very vulnerable to cold.
   rPois:     It protects you from poison.
Scrolls
 f - a scroll of brand weapon {unknown}
 g - a scroll of butterflies {unknown}
 l - a scroll of noise {unknown}
 m - a scroll of immolation {unknown}
 o - a scroll of enchant armour {unknown}
 p - a scroll of fear {unknown}
 u - a scroll of blinking {unknown}
Potions
 b - a potion of magic
 d - a potion of degeneration {unknown}
 h - a potion of haste {unknown}
 i - a potion of lignification {unknown}
 k - 2 potions of brilliance {unknown}
 s - a potion of mutation {unknown}
 t - a potion of curing {unknown}


   Skills:
 - Level 1.7 Dodging
 - Level 2.4 Stealth
 - Level 2.1 Spellcasting
 * Level 4.9 Conjurations


You had 4 spell levels left.
You knew the following spells:

 Your Spells              Type           Power      Damage    Failure   Level
a - Searing Ray           Conj           36%        2d5       3%          2
c - Magic Dart            Conj           72%        1d6       2%          1

Your spell library contained the following spells:

 Spells                   Type           Power      Damage    Failure   Level
 Dazzling Flash           Conj/Hex       20%        N/A       22%         3
 Fulminant Prism          Conj/Hex       5%         3d7       56%         4
 Iskenderun's Mystic Bla  Conj/Tloc      10%        2d4       56%         4


Dungeon Overview and Level Annotations

Branches:
Dungeon (2/15)

Altars:

Annotations:
D:2 exclusion: worm


Innate Abilities, Weirdness & Mutations

You cannot be hasted, slowed, berserked, paralysed or teleported.
You can dig through walls and to a lower floor.
You have a pair of large antennae on your head. (SInv)
Your four strong arms can wield two-handed weapons with a shield.


Message History

Anything else - Cancel.
You shout for attention!
The kobold closely misses you. The frilled lizard closely misses you.
What are your orders? t - Shout!
Orders for allies: a - Attack new target. r - Retreat! s - Stop attacking. g - Guard the area. f - Follow me.
Anything else - Cancel.
You shout for attention!
The kobold barely misses you. The frilled lizard closely misses you.
What are your orders? t - Shout!
Orders for allies: a - Attack new target. r - Retreat! s - Stop attacking. g - Guard the area. f - Follow me.
Anything else - Cancel.
You shout for attention!
The kobold misses you.
The frilled lizard bites you but does no damage.
What are your orders? t - Shout!
Orders for allies: a - Attack new target. r - Retreat! s - Stop attacking. g - Guard the area. f - Follow me.
Anything else - Cancel.
You shout for attention!
The kobold misses you. The frilled lizard closely misses you.
What are your orders? t - Shout!
Orders for allies: a - Attack new target. r - Retreat! s - Stop attacking. g - Guard the area. f - Follow me.
Anything else - Cancel.
You shout for attention!
The kobold hits you with a +0 club.
You die...

#.# ######
#.# #.# #.#
.###### #.#
....... #.#
..... #.#
#.K#######.#
#.l@.......#
#.##########
#


You could see a kobold and a frilled lizard.

Vanquished Creatures
  An adder (D:2)
  2 dart slugs
  4 endoplasms (D:1)
  5 giant cockroaches
  4 hobgoblins (D:1)
  2 jackals (D:1)
  A quokka (D:2)
  2 ball pythons (D:1)
  A bat (D:1)
  A frilled lizard (D:1)
  2 goblins
  4 kobolds
  5 rats
34 creatures vanquished.

Notes
Turn   | Place    | Note
-------+----------+-------------------------------------------
     0 | D:1      | DildoBatman the Formicid Conjurer began the quest for the
                  | Orb.
     0 | D:1      | Reached XP level 1. HP: 13/13 MP: 3/3
    17 | D:1      | You fall into a shaft and drop 1 floor!
   186 | D:2      | Reached skill level 4 in Conjurations
   186 | D:2      | Reached XP level 2. HP: 13/19 MP: 1/5
   189 | D:2      | Learned a level 2 spell: Searing Ray
   267 | D:2      | Found the amulet of Elemental Vulnerability {rPois rF--
                  | rC-- AC+8}
   371 | D:2      | Reached XP level 3. HP: 20/24 MP: 1/6
   740 | D:1      | Reached XP level 4. HP: 16/30 MP: 2/7
   922 | D:1      | Slain by a kobold

Illustrated notes

Levels and vault maps discovered:
D:1:      lemuel_arrival_behind_the_door_large, layout_loops_ring,
          minmay_tromino_v4_a
D:2:      layout_rooms, minmay_misc_feat_enclosed, kennysheep_generic_room_12

Skill      XL: |  1 |
---------------+----+-----
Conjurations   | 4 |  4.9
Dodging        | |  1.7
Stealth        | |  2.4
Spellcasting   | |  2.1

Action                   |  1- 3 |  4- 6 || total
-------------------------+-------+-------++-------
Melee: Dagger            |    16 |       ||    16
       Spear             |    19 |       ||    19
       Mace              |     6 |     9 ||    15
 Cast: Magic Dart        |    24 |       ||    24
       Searing Ray       |     4 |       ||     4
 Abil: Shaft Self        |     1 |       ||     1
 Stab: Sleeping          |     1 |       ||     1
Armor: Robe              |    22 |    29 ||    51
Dodge: Dodged            |    21 |    48 ||    69
